 Dungeon Crawl Stone Soup version 0.30.1-9-gdf580d7c3d (webtiles) character file.

Game seed: 3050849972192395252

1918 Cheops the Frost Mage (level 9, -1/68 HPs)
             Began as a Naga Ice Elementalist on Oct 19, 2023.
             Was an Initiate of Cheibriados.
             Hit by a stone thrown by a kobold (2 damage)
             ... on level 8 of the Dungeon.
             The game lasted 00:13:14 (8610 turns).

Cheops the Frost Mage (Naga Ice Elementalist)       Turns: 8610, Time: 00:13:14

Health: -1/68      AC: 14    Str: 15    XL:     9   Next: 16%
Magic:  5/15       EV: 10    Int: 20    God:    Cheibriados [......]
Gold:   427        SH:  0    Dex: 13    Spells: 5/16 levels left

rFire   . . .        a - +0 whip
rCold   . . .        (no shield)
rNeg    . . .        m - +2 robe "Nien" {Str+3}
rPois   +            (no helmet)
rElec   .            (no cloak)
rCorr   .            (no gloves)
SInv    +            (no barding)
Will    +....        s - amulet of the acrobat
Stlth   ++           (no ring)
HPRegen 0.31/turn    (no ring)
MPRegen 0.14/turn

%: acrobat
@: ice-armoured, on berserk cooldown, freezing walls, slowed, very slow
A: AC +3, large, see invisible, deformed body, poison resistance, slowness 2,
spit poison 1, naga tail 1
a: Spit Poison, Renounce Religion


You were on level 8 of the Dungeon.
You worshipped Cheibriados.
Cheibriados was noncommittal.
You visited 2 branches of the dungeon, and saw 9 of its levels.
You also visited: Ossuary.

You collected 427 gold pieces.

Inventory:

Hand Weapons
 a - a +0 whip (weapon)
Armour
 m - the +2 robe "Nien" (worn) {Str+3}
   (You took it off a kobold on level 2 of the Dungeon)

   Str:       It affects your strength (+3).
Magical Staves
 b - a staff of cold
Jewellery
 i - a +5 ring of evasion
 s - an amulet of the acrobat (around neck)
Wands
 y - a wand of mindburst (16)
 B - a wand of roots (5)
 E - a wand of flame (12)
Scrolls
 c - a scroll of noise {unknown}
 f - 2 scrolls of enchant weapon {unknown}
 h - a scroll of brand weapon {unknown}
 j - a scroll of blinking
 l - 2 scrolls of vulnerability {unknown}
 o - 6 scrolls of immolation {unknown}
 p - 2 scrolls of teleportation {unknown}
 r - a scroll of poison
 v - a scroll of silence
 w - a scroll of magic mapping
 C - a scroll of fear
 F - a scroll of fog {unknown}
Potions
 e - 4 potions of curing
 g - 4 potions of attraction {unknown}
 k - 2 potions of cancellation {unknown}
 n - a potion of resistance {unknown}
 q - 3 potions of flight {unknown}
 t - a potion of might
 u - 3 potions of degeneration {unknown}
 x - 2 potions of brilliance {unknown}
 z - 3 potions of lignification {unknown}
 A - a potion of haste {unknown}
 D - a potion of magic


   Skills:
 - Level 5.1 Maces & Flails
 - Level 1.5 Dodging
 - Level 3.0 Stealth
 - Level 4.0 Spellcasting
 - Level 5.0 Summonings
 + Level 9.1 Ice Magic


You had 5 spell levels left.
You knew the following spells:

 Your Spells              Type           Power      Damage    Failure   Level
a - Freeze                Ice            100%       1d10      1%          1
r - Frozen Ramparts       Ice            80%        1d13      1%          3
A - Ozocubu's Armour      Ice            40%        N/A       1%          3
I - Summon Ice Beast      Ice/Summ       32%        N/A       7%          4

Your spell library contained the following spells:

 Spells                   Type           Power      Damage    Failure   Level
 Slow                     Hex            16%        N/A       13%         1
 Confusing Touch          Hex            4%         N/A       36%         3
 Ignite Poison            Fire/Tmut/Pois 4%         N/A       36%         3
 Inner Flame              Hex/Fire       4%         N/A       36%         3
 Vampiric Draining        Necr           4%         2d6       36%         3
 Sticky Flame             Conj/Fire      4%         2d3       77%         4
 Yara's Violent Unravell  Hex/Tmut       2%         3d3       98%         5
 Enfeeble                 Hex            2%         N/A       100%        7
 Ignition                 Fire           2%         3d3       100%        8


Dungeon Overview and Level Annotations

Branches:
Dungeon (7/15)             Temple (1/1) D:4         Ossuary (visited)

Altars:
Cheibriados
Dithmenos
Fedhas
Gozag
Hepliaklqana
Kikubaaqudgha
Makhleb
Nemelex Xobeh
Okawaru
Qazlal
Ru
Sif Muna
Trog
Uskayaw
Vehumet
Wu Jian
Xom
Yredelemnul
Zin
The Shining One

Shops:
D:3 *   D:4 (   D:6 [


Innate Abilities, Weirdness & Mutations

Your serpentine skin is tough. (AC +3)
You have supernaturally acute eyesight. (SInv)
Armour fits poorly on your strangely shaped body.
Your system is resistant to poisons. (rPois)
You cover ground very slowly.
You can spit poison.
You have a snake-like lower body.


Message History

You hit the kobold brigand.
The kobold brigand is moderately wounded.
The kobold hits you but does no damage.
The kobold brigand hits you with a +0 dagger.
* * * LOW HITPOINT WARNING * * *
You barely miss the kobold brigand.
The kobold brigand is moderately wounded.
A kobold comes into view. It is wielding a +0 short sword.
The kobold brigand closely misses you. The kobold closely misses you.
A kobold comes into view. It is wielding a +0 short sword.
You miss the kobold brigand.
The kobold brigand is moderately wounded.
The kobold brigand hits you with a +0 dagger.
* * * LOW HITPOINT WARNING * * *
The kobold hits you with a +0 short sword.
* * * LOW HITPOINT WARNING * * *
A kobold comes into view. It is wielding a +0 dagger.
The kobold hits you but does no damage.
The kobold brigand hits you but does no damage.
Casting: Freeze (safe; 1% risk of failure)
Confirm with . or Enter, or press ? or * to list all spells.
Casting: Frozen Ramparts (safe; 1% risk of failure)
Press: ? - help, Dir - look around, f - activate The walls around you are covered in ice.
The kobold shouts!
The wall freezes the kobold brigand!
The kobold brigand hits you with a +0 dagger.
* * * LOW HITPOINT WARNING * * *
The wall freezes the kobold!
You kill the kobold!
Cheibriados thoroughly appreciates the change of pace.
Casting: Frozen Ramparts (safe; 1% risk of failure)
Confirm with . or Enter, or press ? or * to list all spells.
A film of ice covers your body!
The kobold shouts! x2; You hear a shout!
The wall freezes the kobold brigand.
The kobold brigand hits you with a +0 dagger.
* * * LOW HITPOINT WARNING * * *
The kobold throws a stone.
The stone hits you.
You die...

.... #... .....
#....# #.....###
.....K..###########
#.................#
#.......#########.###
######...## #@K......
##...###)######.
#####.....K# #
.........K)###### .#.
#####.....K)))..##..
#.....###.....#
#.....# #.....#
#....)###.....####
####.#).K........##


You could see a kobold brigand and 3 kobolds.

Vanquished Creatures
  A hornet (D:8)
  Sigmund (D:3)
  A steam dragon (D:8)
  A water moccasin (D:7)
  An ice beast (D:5)
  2 black bears (D:6)
  A centaur (D:7)
  A kobold brigand (D:8)
  A bullfrog (D:7)
  2 scorpions
  A howler monkey (D:5)
  A quasit (D:6)
  7 hounds
  2 sleepcaps
  4 iguanas
  Natasha (thrice) (D:3)
  2 mummies
  5 adders
  5 shadow imps
  A white imp (D:7)
  4 ufetubi
  4 worms
  A dart slug (D:5)
  An orc (D:7)
  3 spectral bats (Ossuary)
  6 ball pythons
  2 bats
  6 endoplasms
  3 giant cockroaches
  6 goblins
  6 hobgoblins
  2 jackals (D:1)
  17 kobolds
  4 bat simulacra (Ossuary)
  4 frilled lizards
  12 gnoll zombies (Ossuary)
  2 goblin simulacra (Ossuary)
  2 goblin zombies (Ossuary)
  4 hobgoblin zombies (Ossuary)
  3 kobold simulacra (Ossuary)
  5 kobold zombies (Ossuary)
  7 orc zombies (Ossuary)
  7 rats
  4 rat simulacra (Ossuary)
  2 spectral goblins (Ossuary)
  3 spectral kobolds (Ossuary)
  4 spectral rats (Ossuary)
  A butterfly (D:3)
168 creatures vanquished.

Notes
Turn   | Place    | Note
-------+----------+-------------------------------------------
     0 | D:1      | Cheops the Naga Ice Elementalist began the quest for the
                  | Orb.
     0 | D:1      | Reached XP level 1. HP: 15/15 MP: 3/3
   202 | D:1      | Reached XP level 2. HP: 20/22 MP: 5/5
   606 | D:1      | Reached XP level 3. HP: 23/28 MP: 4/7
   612 | D:1      | Learned a level 3 spell: Frozen Ramparts
   616 | D:1      | Learned a level 3 spell: Ozocubu's Armour
  1261 | D:2      | Identified the +2 robe "Nien" {Str+3}
  1909 | D:3      | Reached XP level 4. HP: 36/36 MP: 6/8
  2157 | D:3      | Found a shimmering altar of Xom.
  2258 | D:3      | Noticed Natasha
  2265 | D:3      | Killed Natasha
  2266 | D:3      | Reached skill level 1 in Maces & Flails
  2266 | D:3      | Reached skill level 5 in Ice Magic
  2296 | D:3      | Noticed Natasha
  2303 | D:3      | Killed Natasha
  2402 | D:3      | Noticed Natasha
  2407 | D:3      | Killed Natasha
  2408 | D:3      | Reached XP level 5. HP: 36/42 MP: 6/9
  2457 | D:3      | Found Nasch's General Store.
  2522 | D:3      | Noticed Sigmund
  2530 | D:3      | Killed Sigmund
  2531 | D:3      | Reached XP level 6. HP: 49/49 MP: 1/10
  3035 | D:4      | Found a staircase to the Ecumenical Temple.
  3036 | D:4      | Found Bayhotoe's Weapon Shoppe.
  3069 | Temple   | Entered the Ecumenical Temple
  3460 | D:4      | Found a sand-covered staircase.
  3466 | Ossuary  | Entered an ossuary
  3509 | Ossuary  | Reached skill level 5 in Maces & Flails
  4649 | D:4      | Reached XP level 7. HP: 53/55 MP: 8/11
  5120 | D:5      | Entered Level 5 of the Dungeon
  5291 | D:5      | Reached skill level 6 in Ice Magic
  5360 | D:5      | Learned a level 4 spell: Summon Ice Beast
  5370 | D:5      | Reached skill level 1 in Summonings
  6157 | D:5      | Reached XP level 8. HP: 11/62 MP: 10/12
  6562 | D:6      | Found an ancient bone altar of Kikubaaqudgha.
  6770 | D:6      | Reached skill level 5 in Summonings
  6829 | D:6      | Found Kal Nung's Antique Armour Shop.
  7131 | D:6      | HP: 3/62 [shadow imp (5)]
  8072 | D:7      | Reached skill level 7 in Ice Magic
  8389 | D:7      | Reached skill level 8 in Ice Magic
  8509 | D:7      | You fall into a shaft and drop 1 floor!
  8533 | D:8      | Found a snail-covered altar of Cheibriados.
  8563 | D:8      | Became a worshipper of Cheibriados the Contemplative
  8584 | D:8      | Noticed a hornet
  8592 | D:8      | Killed a hornet
  8593 | D:8      | Reached XP level 9. HP: 8/68 MP: 8/15
  8594 | D:8      | Reached skill level 9 in Ice Magic
  8609 | D:8      | HP: 3/68 [kobold brigand/+0 dagger (1)]
  8610 | D:8      | HP: 1/68 [kobold brigand/+0 dagger (2)]
  8610 | D:8      | Hit by a stone thrown by a kobold

Illustrated notes

Levels and vault maps discovered:
D:1:      dpeg_arrival_round_b, layout_basic, minmay_misc_feat_roman,
          minmay_ruptured
D:2:      layout_basic, minmay_bisected
D:3:      layout_loops_corners, xom_butterflies, serial_shops,
          nicolae_shop_window_shopping, uniq_natasha, uniq_sigmund
D:4:      layout_basic, temple_pool_b, nicolae_ossuary_entry_plus, serial_shops,
          nicolae_shop_tiny_statue_garden, grunt_ministairs_2
D:5:      layout_gridville, minmay_door_square, minmay_between
D:6:      layout_basic, lemuel_doored_altar, serial_demonic, serial_demonic_e,
          serial_demonic_e, serial_demonic_a, serial_demonic_a, serial_shops,
          shop
D:7:      layout_basic
D:8:      layout_rooms, slow_altar_1
Temple:   minmay_temple_bridge_d

Skill      XL: |  1  2  3  4  5  6  7  8  9 |
---------------+----------------------------+-----
Spellcasting   | 3 4 |  4.0
Maces & Flails | 2 4 5 |  5.1
Ice Magic      | 5 6 8 9 |  9.1
Summonings     | 4 5 |  5.0
Dodging        | |  1.5
Stealth        | |  3.0

Action                     |  1- 3 |  4- 6 |  7- 9 || total
---------------------------+-------+-------+-------++-------
  Melee: Whip              |    23 |   309 |   197 ||   529
         Unarmed           |     5 |       |       ||     5
         Punch             |       |     7 |     4 ||    11
         Staff             |       |       |     9 ||     9
   Cast: Freeze            |    50 |    42 |    82 ||   174
         Ozocubu's Armour  |       |     1 |     5 ||     6
         Frozen Ramparts   |       |     1 |     6 ||     7
Ability: Spit Poison       |     4 |     3 |     5 ||    12
  Evoke: Wand              |       |       |     1 ||     1
    Use: Scroll            |       |       |     5 ||     5
         Potion            |       |       |     1 ||     1
   Stab: Sleeping          |       |     7 |     1 ||     8
 Armour: Robe              |     8 |   124 |   135 ||   267
  Dodge: Dodged            |    30 |   164 |   155 ||   349
